 Dungeon Crawl Stone Soup version 0.30.1-4-g462c640d31 (webtiles) character file.

Game seed: 1320984907959516686

18 bierschnitzel the Poker (level 2, -4/22 (25) HPs)
             Began as a Hill Orc Reaver on Aug 17, 2023.
             Slain by an iguana (8 damage)
             ... on level 2 of the Dungeon.
             The game lasted 00:03:09 (752 turns).

bierschnitzel the Poker (Hill Orc Reaver)            Turns: 752, Time: 00:03:11

HP:   -4/22 (25)    AC: 10    Str: 14    XL:     2   Next: 70%
MP:   1/4           EV:  8    Int: 13    God:
Gold: 19            SH:  0    Dex:  9    Spells: 3/4 levels left

rFire   x . .        a - +0 spear
rCold   + + .        (no shield)
rNeg    . . .        e - +0 ice dragon scales
rPois   .            (no helmet)
rElec   .            (no cloak)
rCorr   .            g - +0 pair of gloves
SInv    .            (no boots)
Will    .....        (no amulet) Stlth
                     (no ring)
HPRegen 0.23/turn    (no ring)
MPRegen 0.09/turn

%: no passive effects
@: very slightly contaminated, heavily drained
A: no striking features
a: no special abilities


You were on level 2 of the Dungeon.
You visited 1 branch of the dungeon, and saw 2 of its levels.

You collected 19 gold pieces.

Inventory:

Hand Weapons
 a - a +0 spear (weapon)
 j - a +0 hand axe
Armour
 b - a +0 leather armour
 c - a +0 leather armour
 e - +0 ice dragon scales (worn)
 g - a +0 pair of gloves (worn)
Jewellery
 k - a +5 ring of evasion
Scrolls
 d - a scroll of blinking {unknown}
 h - a scroll of silence {unknown}
 i - a scroll of butterflies {unknown}
Potions
 f - a potion of flight {unknown}


   Skills:
 + Level 2.4 Fighting
 + Level 3.6 Polearms
 + Level 1.5 Dodging
 + Level 1.7 Spellcasting
 + Level 3.5 Conjurations


You had 3 spell levels left.
You knew the following spells:

 Your Spells              Type           Power      Damage    Failure   Level
a - Kiss of Death         Conj/Necr      20%        2d7       61%         1

Your spell library contained the following spells:

 Spells                   Type           Power      Damage    Failure   Level
 Momentum Strike          Conj/Tloc      10%        3d8       75%         2
 Sting                    Tmut/Pois      4%         1d3       85%         1
 Hailstorm                Conj/Ice       5%         3d4       93%         3
 Blink                    Tloc           2%         N/A       94%         2
 Lesser Beckoning         Tloc           2%         N/A       94%         2
 Poisonous Vapours        Pois/Air       2%         N/A       94%         2
 Olgreb's Toxic Radiance  Pois           1%         N/A       100%        4


Dungeon Overview and Level Annotations

Branches:
Dungeon (2/15)

Altars:


Message History

You are held in a net!
You are held in a net!
You are held in a net!
You are held in a net!
You are held in a net!
You are held in a net!
You are held in a net!
You struggle against the net.
The iguana bites you!
You struggle against the net.
The iguana bites you but does no damage.
You rip the net and break free!
The iguana bites you!
Ouch! That really hurt!
* * * LOW HITPOINT WARNING * * *
You are too injured to fight recklessly!
You are too injured to fight recklessly!
You are too injured to fight recklessly!
You are too injured to fight recklessly!
You hit the iguana.
The iguana is lightly wounded.
The iguana bites you but does no damage.
You hit the iguana but do no damage.
The iguana is lightly wounded.
The iguana closely misses you.
You closely miss the iguana.
The iguana is lightly wounded.
The iguana bites you but does no damage.
Your magical contamination has completely faded away.
You hit the iguana but do no damage.
The iguana is lightly wounded.
The iguana bites you.
* * * LOW HITPOINT WARNING * * *
Casting: Kiss of Death (safe; 61% risk of failure)
Confirm with . or Enter, or press ? or * to list all spells.
Aiming: Kiss of Death (safe; 61% risk of failure)
Press: ? - help, Shift-Dir - straight line, f - iguana
Aim: an iguana (lightly wounded, 100% to hit)
You miscast Kiss of Death.
You are very lightly contaminated with residual magic.
Nothing appears to happen.
The iguana bites you!
You die...

#########..........>..
######........
#....(... ## #......>.
...##### #........
#......####........
#.....#...........
##...##........
#l@#.....###...
#.[)##.###..# ... ##)(
#.. .... .. #..# ..##
###.. ...# ..# ...
.... .## .. .... ##
....


You could see an iguana.

Vanquished Creatures
  A gnoll (D:2)
  2 endoplasms
  A goblin (D:2)
  A quokka (D:1)
  3 frilled lizards (D:1)
  3 rats
11 creatures vanquished.

Notes
Turn   | Place    | Note
-------+----------+-------------------------------------------
     0 | D:1      | bierschnitzel the Hill Orc Reaver began the quest for the
                  | Orb.
     0 | D:1      | Reached XP level 1. HP: 18/18 MP: 3/3
   716 | D:2      | Reached XP level 2. HP: 25/25 MP: 4/4
   752 | D:2      | Slain by an iguana

Illustrated notes

Levels and vault maps discovered:
D:1:      ebering_trefoil_3fold, layout_loops_ring
D:2:      layout_rooms, minmay_tetromino_t4

Action                     || total
---------------------------++-------
  Melee: Spear             ||    24
   Cast: Kiss of Death     ||     1
 Armour: Ice dragon scales ||     6
  Dodge: Dodged            ||     5
